 Dungeon Crawl Stone Soup version 0.15-a0-2388-g9f833ab (webtiles) character file.

64 PolkaDot the Sneak (level 3, -2/27 HPs)
             Began as a Vampire Assassin on Aug 2, 2014.
             Killed from afar by Sigmund (8 damage)
             ... with a puff of flame
             ... on Level 3 of the Dungeon.
             The game lasted 00:03:26 (1694 turns).

PolkaDot the Sneak (Vampire Assassin)               Turns: 1694, Time: 00:03:26

HP  -2/27        AC  3     Str 10      XL: 3   Next: 91%
MP   3/3         EV 12     Int 13      God:
Gold 75          SH  0     Dex 16      Spells:  0 memorised,  2 levels left

rFire  . . .     SeeInvis +     b - +0 blowgun
rCold  . . .     Clarity  .     c - +0 robe
rNeg   . . .     rCorr    .     (no shield)
rPois  .         rRot     .     (no helmet)
rElec  .         Spirit   .     d - +0 cloak
SustAb .         Warding  .     (no gloves)
rMut   .         Stasis   .     (no boots)
Gourm  .                        (no amulet)
MR     .....                    (no ring)
                                (no ring)

@: regenerating quickly, not resistant to hostile enchantments, stealthy
A: fangs 3, see invisible, unbreathing
a: no special abilities


You were on level 3 of the Dungeon.
You were very full.

You visited 1 branch of the dungeon, and saw 3 of its levels.

You collected 75 gold pieces.

Inventory:

Hand weapons
 a - a +2 dagger of speed
 b - a +0 blowgun (weapon)
Missiles
 e - 15 poisoned needles (quivered)
 f - 2 curare-tipped needles
Armour
 c - a +0 robe (worn)
 d - a +0 cloak (worn)
Magical devices
 n - a wand of magic darts (4)
Scrolls
 h - 2 scrolls of noise {unknown}
 k - 3 scrolls of remove curse {unknown}
 l - a scroll of teleportation {unknown}
 m - 5 scrolls of recharging {unknown}
 p - a scroll of enchant weapon {unknown}
 q - 2 scrolls of identify {unknown}
 r - a scroll of magic mapping {unknown}
 s - a scroll of immolation {unknown}
Jewellery
 i - an uncursed amulet of faith {unknown}
 j - a +2 ring of evasion {unknown}
Potions
 g - a potion of heal wounds {unknown}
 o - a potion of curing {unknown}


   Skills:
 - Level 1.7 Fighting
 * Level 4.1 Short Blades
 - Level 1.5 Throwing
 - Level 1.1 Dodging
 + Level 6.7 Stealth


You had 2 spell levels left.
You didn't know any spells.

Dungeon Overview and Level Annotations

Branches:
Dungeon (3/15)

Altars:

Annotations:
D:3 Sigmund


Innate Abilities, Weirdness & Mutations

Your natural rate of healing is unusually fast.
You have razor-sharp teeth.
You have supernaturally acute eyesight.
You can survive without breathing.


Message History

You shoot a poisoned needle. The poisoned needle hits Sigmund!
Sigmund looks even sicker.
Sigmund is lightly wounded.
Firing (i - inventory. (,) - cycle):
e - 17 poisoned needles (quivered)
Press: ? - help, Shift-Dir - straight line, f/p - Sigmund
Aim: Sigmund, wielding a runed scythe and wearing a runed robe (moderately wounded, poisoned, slightly transparent)
You shoot a poisoned needle.
The poisoned needle barely misses Sigmund.
You kill the giant cockroach!
Firing (i - inventory. (,) - cycle):
e - 16 poisoned needles (quivered)
Press: ? - help, Shift-Dir - straight line, f/p - Sigmund
Aim: Sigmund, wielding a runed scythe and wearing a runed robe (moderately wounded, poisoned, slightly transparent)
You shoot a poisoned needle. The poisoned needle hits Sigmund!
Sigmund is moderately wounded.
Sigmund points at you and mumbles some strange words.
The puff of flame hits you!
* * * LOW HITPOINT WARNING * * *
Sigmund gestures at you while chanting. The puff of flame hits you!
You die...

....#
.!...#######..
..............
............#
#(.........#
#.........(###
#.......?.....
#..............
#<@..@.((..(...
########.......
..... .... ...
.


You could see Sigmund (invisible).

Vanquished Creatures
  Ijyb (D:2)
  3 giant geckos
  7 bats
  4 giant cockroaches
  6 goblins
  4 hobgoblins
  5 jackals
  2 quokkas (D:2)
  A giant newt (D:1)
  4 kobolds
  4 rats
41 creatures vanquished.

Notes
Turn   | Place    | Note
--------------------------------------------------------------
     0 | D:1      | PolkaDot, the Vampire Assassin, began the quest for the Orb.
     0 | D:1      | Reached XP level 1. HP: 16/16 MP: 1/1
    49 | D:1      | Reached skill level 6 in Stealth
   224 | D:1      | Reached XP level 2. HP: 20/22 MP: 2/2
   763 | D:2      | Noticed Ijyb
   765 | D:2      | Killed Ijyb
   765 | D:2      | Reached XP level 3. HP: 27/27 MP: 3/3
  1680 | D:3      | Noticed Sigmund
  1694 | D:3      | Killed from afar by Sigmund

Action                   || total
-------------------------++-------
Melee: Dagger            ||   126
 Fire: Blowgun           ||     6
Evoke: Wand              ||     1
  Use: Potion            ||     1
 Stab: Sleeping          ||    10
  Eat: Corpse            ||    12
